 Dungeon Crawl Stone Soup version 0.31-a0-345-g1ebeae05c6 (webtiles) character file.

Game seed: 10492382262529747541

502705 Shayle the Severer (level 24, -17/227 HPs)
             Began as a Gnoll Shapeshifter on July 22, 2023.
             Was a High Priest of Hepliaklqana.
             Demolished by an azure jelly (22 damage)
             ... on level 5 of the Pits of Slime on July 23, 2023.
             The game lasted 04:24:23 (41270 turns).

Shayle the Severer (Gnoll Shapeshifter)            Turns: 41270, Time: 04:24:24

Health: -17/227    AC: 17    Str: 23    XL:     24   Next: 94%
Magic:  43/43      EV: 25    Int:  7    God:    Hepliaklqana [*****.]
Gold:   1392       SH:  0    Dex: 20    Spells: 49/56 levels left

rFire   . . .        p - +6 arbalest "Damnation" {damnation}
rCold   . . .        (shield currently unavailable)
rNeg    + + .        r - melded +6 faerie dragon scales {Rampage rElec rN++ rCorr Int-2}
rPois   ∞            l - +2 hood of the Assassin {Detect Stab+ Stlth++}
rElec   +            v - scarf {repulsion}
rCorr   +            M - melded +2 pair of gloves
SInv    .            L - melded +0 pair of boots
Will    +....        j - amulet of Vitality {RegenMP++ Regen++}
Stlth   +++++++++    I - ring of the Mage {Wiz Archmagi}
HPRegen 2.17/turn    G - ring of Puvipio {rElec rN+ rCorr Str+5 Slay+6}
MPRegen 1.08/turn

%: repel missiles, wizardry (x1), archmagi
@: about to teleport, statue-form, corroded, studying Axes, very slow
A: slow and powerful, torment resistance 1, boosted hp, reduced essence, fangs
1, strong nose, distributed training, talons 1, (iridescent scales 1), dopey 1,
(shaggy fur 1), MP-powered wands
}: 3/15 runes: serpentine, barnacled, abyssal
a: Begin Untransformation, Renounce Religion, Recall Ancestor, Ancestor
Identity, Transference, Idealise


You were on level 5 of the Pits of Slime.
You worshipped Hepliaklqana.
Hepliaklqana was extremely pleased with you.
You were a living statue of rough stone.
You visited 10 branches of the dungeon, and saw 45 of its levels.
You visited the Abyss 4 times.
You visited 1 bazaar.
You also visited: Ossuary, Gauntlet, Ice Cave and Volcano.

You collected 5963 gold pieces.
You spent 4571 gold pieces at shops.

Inventory:

Hand Weapons
 g - a +5 rapier of distortion
 p - the +6 arbalest "Damnation" (weapon) {damnation}
   (You found it on level 2 of the Vaults)
 u - the +7 hand crossbow of Resourcefulness {speed, +Blink rC+ rN+}
   (You acquired it on level 5 of the Dungeon)

   rC:        It protects you from cold.
   rN:        It protects you from negative energy.
   +Blink:    It lets you blink.
 H - a +9 heavy demon blade
Missiles
 w - 6 throwing nets
 y - 9 silver boomerangs
Armour
 l - the +2 hood of the Assassin (worn) {Detect Stab+ Stlth++}
   (You bought it in a shop on level 1 of the Snake Pit)

   Detect:    It allows the wearer to sense nearby creatures.
   Stab+:     It allows the wearer to make particularly effective stabbing
   attacks against helpless or unaware enemies with any weapon.
   Stlth:     It makes you much more stealthy.
 r - the +6 faerie dragon scales (melded) {Rampage rElec rN++ rCorr Int-2}
   (You took it off the Enchantress on level 1 of the Depths)

   Int:       It affects your intelligence (-2).
   rElec:     It insulates you from electricity.
   rN:        It greatly protects you from negative energy.
   rCorr:     It protects you from acid and corrosion.
   Rampage:   It bestows one free step when moving towards enemies.
 v - a scarf of repulsion (worn)
 L - a +0 pair of boots (melded)
 M - a +2 pair of gloves (melded)
Jewellery
 j - the amulet of Vitality (around neck) {RegenMP++ Regen++}
   (You found it on level 5 of the Lair of Beasts)

   [amulet of magic regeneration]

   It increases your rate of magic regeneration.
   Regen:     It increases your rate of health regeneration.
 G - the ring of Puvipio (right fist) {rElec rN+ rCorr Str+5 Slay+6}
   (You found it in a Gauntlet)

   [ring of resist corrosion]

   Str:       It affects your strength (+5).
   Slay:      It affects your accuracy & damage with ranged weapons and melee
   (+6).
   rElec:     It insulates you from electricity.
   rN:        It protects you from negative energy.
   rCorr:     It protects you from acid and corrosion.
 I - the ring of the Mage (left fist) {Wiz Archmagi}
   (You found it on level 1 of the Depths)

   [ring of wizardry]

   It improves your spell success rate.
   Archmagi:  It increases the power of your magical spells.
Talismans
 o - a granite talisman
 Q - a dragon-blood talisman
Wands
 b - a wand of digging (4)
 e - a wand of flame (90)
 q - a wand of mindburst (42)
 F - a wand of charming (16)
 J - a wand of iceblast (14)
 Y - a wand of quicksilver (7)
Scrolls
 c - 2 scrolls of identify
 d - 8 scrolls of teleportation
 A - 10 scrolls of vulnerability
 K - 2 scrolls of blinking
 N - a scroll of revelation
 O - 6 scrolls of poison
 W - a scroll of fog
 X - 2 scrolls of silence
Potions
 f - 3 potions of haste
 h - 9 potions of curing
 t - 6 potions of brilliance
 x - 3 potions of ambrosia
 B - a potion of berserk rage
 D - 8 potions of might
 E - 9 potions of resistance
 R - 3 potions of cancellation
 S - 2 potions of invisibility
 T - 2 potions of magic
 U - 3 potions of lignification
Miscellaneous
 k - a phial of floods (inert)
 z - a phantom mirror (inert)
 C - a condenser vane


   Skills:
 + Level 17.1 Fighting
 + Level 16.9 Short Blades
 + Level 16.9 Long Blades
 + Level 19.9 Axes
 + Level 16.9 Maces & Flails
 + Level 16.9 Polearms
 + Level 16.9 Staves
 + Level 16.9 Ranged Weapons
 + Level 16.9 Throwing
 + Level 16.9 Armour
 + Level 17.5 Dodging
 + Level 16.9 Stealth
 + Level 16.9 Shields
 + Level 18.0 Unarmed Combat
 + Level 16.9 Spellcasting
 + Level 14.4 Conjurations
 + Level 14.4 Hexes
 + Level 14.4 Summonings
 + Level 14.4 Necromancy
 + Level 14.4 Translocations
 + Level 14.4 Transmutations
 + Level 14.4 Fire Magic
 + Level 14.4 Ice Magic
 + Level 14.4 Air Magic
 + Level 14.4 Earth Magic
 + Level 14.4 Poison Magic
 + Level 18.3 Invocations
 + Level 16.9 Evocations
 + Level 15.7 Shapeshifting


You had 49 spell levels left.
You knew the following spells:

 Your Spells              Type           Power      Damage    Failure   Level
a - Haunt                 Necr/Summ      19%        N/A       8%          7

Your spell library contained the following spells:

 Spells                   Type           Power      Damage    Failure   Level
 Kiss of Death            Conj/Necr      100%       2d13      0%          1
 Magic Dart               Conj           100%       1d8       0%          1
 Necrotise                Necr           100%       1d9       0%          1
 Sandblast                Erth           78%        2d17      0%          1
 Shock                    Conj/Air       100%       1d9       0%          1
 Slow                     Hex            100%       N/A       0%          1
 Sting                    Tmut/Pois      100%       1d8       0%          1
 Blink                    Tloc           78%        N/A       1%          2
 Call Imp                 Summ           78%        N/A       1%          2
 Cigotuvi's Dreadful Rot  Necr/Pois/Air  78%        N/A       1%          2
 Ensorcelled Hibernation  Hex/Ice        78%        N/A       1%          2
 Lesser Beckoning         Tloc           78%        N/A       1%          2
 Momentum Strike          Conj/Tloc      78%        3d10      1%          2
 Passwall                 Tmut/Erth      32%        N/A       1%          2
 Poisonous Vapours        Pois/Air       78%        N/A       1%          2
 Scorch                   Fire           78%        2d8       1%          2
 Searing Ray              Conj           78%        2d7       1%          2
 Call Canine Familiar     Summ           39%        N/A       1%          3
 Confusing Touch          Hex            39%        N/A       1%          3
 Dazzling Flash           Conj/Hex       78%        N/A       1%          3
 Frozen Ramparts          Ice            78%        1d12      1%          3
 Gell's Gravitas          Tloc           39%        N/A       1%          3
 Hailstorm                Conj/Ice       39%        3d9       1%          3
 Mephitic Cloud           Conj/Pois/Air  39%        N/A       1%          3
 Ozocubu's Armour         Ice            39%        N/A       1%          3
 Portal Projectile        Hex/Tloc       78%        N/A       1%          3
 Stone Arrow              Conj/Erth      78%        3d11      1%          3
 Swiftness                Air            39%        N/A       1%          3
 Teleport Other           Tloc           39%        N/A       1%          3
 Vampiric Draining        Necr           39%        2d8       1%          3
 Vhi's Electric Charge    Tloc/Air       78%        N/A       1%          3
 Volatile Blastmotes      Fire/Tloc      78%        2d16      1%          3
 Airstrike                Air            19%        2d(3-19)  1%          4
 Anguish                  Hex/Necr       19%        N/A       1%          4
 Animate Armour           Summ/Erth      78%        N/A       1%          4
 Fulminant Prism          Conj/Hex       19%        3d10      1%          4
 Iskenderun's Mystic Bla  Conj/Tloc      39%        2d9       1%          4
 Leda's Liquefaction      Hex/Erth       19%        N/A       1%          4
 Olgreb's Toxic Radiance  Pois           39%        N/A       1%          4
 Petrify                  Tmut/Erth      39%        N/A       1%          4
 Summon Ice Beast         Ice/Summ       39%        N/A       1%          4
 Summon Lightning Spire   Summ/Air       39%        N/A       1%          4
 Agony                    Necr           39%        N/A       1%          5
 Alistair's Intoxication  Tmut/Pois      26%        N/A       1%          5
 Arcjolt                  Conj/Air       19%        1d29      1%          5
 Borgnjor's Vile Clutch   Necr/Erth      19%        N/A       1%          5
 Freezing Cloud           Conj/Ice/Air   19%        6-21      1%          5
 Lee's Rapid Deconstruct  Erth           19%        3d11*     1%          5
 Metabolic Englaciation   Hex/Ice        19%        N/A       1%          5
 Silence                  Hex/Air        19%        N/A       1%          5
 Conjure Ball Lightning   Conj/Air       19%        3x3d6     1%          6
 Dispersal                Tloc           19%        N/A       1%          6
 Eringya's Noxious Bog    Tmut/Pois      19%        4d6       1%          6
 Simulacrum               Ice/Necr       19%        N/A       1%          6
 Monstrous Menagerie      Summ           19%        N/A       8%          7
 Ozocubu's Refrigeration  Ice            19%        4d11      8%          7
 Borgnjor's Revivificati  Necr           19%        N/A       47%         8
 Discord                  Hex            19%        N/A       47%         8
 Disjunction              Tloc           19%        N/A       47%         8
 Maxwell's Capacitive Co  Air            19%        ∞         47%         8
 Death's Door             Necr           19%        N/A       100%        9
 Polar Vortex             Ice            19%        12d2*     100%        9


Dungeon Overview and Level Annotations

Branches:
Dungeon (15/15)            Temple (1/1) D:7            Lair (5/5) D:8
 Shoals (4/4) Lair:3        Snake (4/4) Lair:2        Slime (5/5) Lair:4
    Orc (2/2) D:10            Elf (3/3) Orc:2        Vaults (4/5) D:14
  Crypt (0/3) Vaults:3     Depths (2/4) D:15        Ossuary (visited)
  IceCv (visited)         Volcano (visited)         Gauntlet (visited)

Altars:
Ashenzari
Cheibriados
Dithmenos
Elyvilon
Fedhas
Gozag
Hepliaklqana
Kikubaaqudgha
Makhleb
Nemelex Xobeh
Okawaru
Qazlal
Ru
Sif Muna
Trog
Uskayaw
Vehumet
Wu Jian
Xom
Yredelemnul
Zin
The Shining One
Jiyva
Lugonu

Shops:
D:5 (   D:10 *   Orc:2 ([((   Elf:1 ([   Elf:2 ?   Shoals:4 (!   Snake:1 *(*
Snake:3 =   Snake:4 ?   Vaults:4 [

Portals:
Hell: Depths:1
Abyss: Lair:5

Annotations:
D:9 1 runed translucent door, drugrobin's ghost, novice DgDe
Lair:1 2 transporters
Elf:2 1 runed translucent door


Innate Abilities, Weirdness & Mutations

You are a living statue of rough stone.
Your actions are slow, but your melee attacks are powerful.
You are resistant to unholy torment.
Your maximum health is greatly increased.
Your equipment is partially melded.
Your life essence is reduced to manifest your ancestor. (-10% HP)
You are immune to poison.
You have very sharp teeth.
Your uncanny sense of smell can sniff out nearby items.
Your experience applies equally to all skills.
You have sharp toenails.
((You are partially covered in iridescent scales. (AC +2)))
You are dopey. (Int -2)
((You are covered in fur. (AC +1)))
You expend magic power (3 MP) to strengthen your wands.


Message History

The damnation bolt explodes!
The damnation engulfs the acid blob!
The acid blob is severely wounded.
The damnation engulfs the acid blob!
The acid blob is lightly wounded.
The damnation engulfs the azure jelly!!
You kill the azure jelly!
That felt strangely unrewarding.
The damnation engulfs the azure jelly!!
The azure jelly is heavily wounded.
The azure jelly completely misses you. The azure jelly misses you.
The azure jelly closely misses you.
The azure jelly hits you but does no damage.
The acid blob spits acid at you. The splash of acid misses you.
The acid blob completely misses you. The azure jelly completely misses you.
The azure jelly hits you but does no damage.
The azure jelly completely misses you. The azure jelly barely misses you.
The acid blob barely misses you.
As you read the scroll of teleportation, it crumbles to dust.
You feel strangely unstable. The acid blob hits you!!
* * * LOW HITPOINT WARNING * * *
You are splashed with acid.
You resist.
* * * LOW HITPOINT WARNING * * *
The azure jelly misses you. The azure jelly barely misses you.
The azure jelly hits you but does no damage.
The azure jelly closely misses you. The acid blob hits you.
* * * LOW HITPOINT WARNING * * *
You are splashed with acid.
You resist.
* * * LOW HITPOINT WARNING * * *
The acid blob hits you!
* * * LOW HITPOINT WARNING * * *
The acid corrodes you!
You are splashed with acid.
You resist.
* * * LOW HITPOINT WARNING * * *
The azure jelly hits you.
* * * LOW HITPOINT WARNING * * *
The azure jelly freezes you!!
* * * LOW HITPOINT WARNING * * *
The azure jelly hits you.
* * * LOW HITPOINT WARNING * * *
The azure jelly freezes you!!
You die...

#..................
#$:?#
#................
##?∆∆
#.............J.. ∆
#............... ##
#...........J...
...#.
##..............
......
#...............
......
#........J......
......
#.......8J......
......
###......J......
......
###...........
......
#............
.^....
##........... .....
###......... ....
###....... ...
....... .. .


You could see 3 acid blobs, an azure jelly and a slime creature.

Vanquished Creatures
  the Royal Jelly (Slime:5)
  3 ancient liches
  Bai Suzhen (Vaults:3)
  2 profane servitors (Abyss:4)
  3 bone dragons
  A tentacled monstrosity (Vaults:4)
  Jorgrun (D:14)
  Rupert (D:13)
  3 liches
  Asterion (Elf:3)
  2 deep elf blademasters (Elf:3)
  2 deep elf master archers (Elf:3)
  9 acid blobs
  5 sphinxes
  Kirke (Shoals:1)
  2 krakens
  4 tentacled starspawn
  Roxanne (D:14)
  Agnes (Snake:1)
  7 rockslimes
  A shadow dragon (Vaults:4)
  7 nagarajas
  Louise (Elf:1)
  8 azure jellies
  2 frost giants (Depths:1)
  8 deep elf sorcerers
  9 vault wardens
  4 deep elf elementalists (Elf:3)
  3 spriggan defenders (Depths:1)
  2 orc warlords
  2 stone giants
  A stone giant (shapeshifter) (Vaults:4)
  3 ironbound thunderhulks
  10 ironbound preservers
  3 very ugly things (Abyss:4)
  2 formless jellyfish (Vaults:1)
  7 quicksilver oozes
  6 deep elf annihilators
  4 deep elf demonologists
  A lorocyproca (Abyss:4)
  A minotaur (Gauntlet)
  18 dire elephants
  A white draconian (IceCv)
  2 spark wasps (Depths:1)
  4 deep elf death magi (Elf:3)
  2 ettins
  A blizzard demon (Abyss:3)
  A crystal guardian (Vaults:3)
  6 merfolk javelineers
  3 fire dragons
  2 entropy weavers
  6 merfolk impalers
  16 great orbs of eyes
  3 yaktaur captains
  A deep elf high priest (Elf:3)
  6 hydras
  5 ice dragons (IceCv)
  A rakshasa (D:15)
  2 salamander tyrants (Snake:4)
  A caustic shrike simulacrum (Abyss:4)
  A merfolk avatar (Shoals:3)
  6 vault guards
  A spriggan air mage (Depths:1)
  3 ghost crabs
  5 merfolk aquamancers (Shoals:4)
  2 ogre magi
  12 ironbound frosthearts
  10 anacondas
  A satyr (Abyss:4)
  A peacekeeper (Vaults:3)
  30 dancing weapons
  9 centaur warriors
  16 naga warriors
  A hell hog (Abyss:4)
  2 tengu warriors (D:15)
  2 deep troll earth magi (Depths:2)
  11 naga sharpshooters (Snake:4)
  4 two-headed ogres
  6 boulder beetles
  An orc high priest (Elf:3)
  A deep troll shaman (Depths:2)
  5 death yaks
  16 thrashing horrors
  8 hell knights (Depths:1)
  7 shock serpents
  Sonja (D:11)
  4 wretched stars
  13 deep elf knights
  4 skysharks
  A sixfirhy (Gauntlet)
  A salamander mystic (Snake:4)
  Lodul (D:14)
  14 deep trolls
  2 death drakes
  A flayed ghost (Abyss:4)
  7 sea snakes
  A glowing orange brain (Slime:5)
  An orange crystal statue (IceCv)
  A spriggan simulacrum (Abyss:4)
  A tengu zombie (Vaults:2)
  2 swamp dragons (shapeshifter) (D:15)
  17 ironbound convokers
  9 wizards
  10 deep elf archers
  An anaconda skeleton (Abyss:3)
  8 lindwurms
  9 harpies
  6 orc knights
  5 naga ritualists
  22 deep elf zephyrmancers
  2 obsidian statues (Depths:1)
  9 mana vipers
  Pikel (D:8)
  2 shining eyes
  33 deep elf pyromancers
  4 orc sorcerers
  4 necromancers
  4 elephants
  An oklob plant (Gauntlet)
  7 cyclopes
  19 ugly things
  10 salamanders
  A worldbinder (Abyss:4)
  8 manticores
  An iron dragon skeleton (Vaults:2)
  A sphinx skeleton (Vaults:2)
  14 merfolk sirens
  42 black mambas
  A water nymph (shapeshifter) (Lair:5)
  Maurice (D:9)
  4 molten gargoyles (Volcano)
  A torpor snail (Lair:1)
  15 vault sentinels
  12 naga magi
  2 gargoyles
  2 eyes of devastation
  2 apocalypse crabs
  7 guardian serpents
  4 smoke demons
  9 water nymphs
  6 cane toads
  Psyche (D:9)
  8 komodo dragons
  3 kobold demonologists (D:11)
  11 rime drakes
  An efreet (Volcano)
  An unseen horror (Abyss:4)
  A tengu conjurer (D:15)
  3 freezing wraiths
  A komodo dragon (shapeshifter) (Elf:1)
  An ice devil (Gauntlet)
  20 yaktaurs
  3 hellwings (Abyss:4)
  2 ancient zymes (Abyss:4)
  6 trolls
  5 wind drakes
  2 hornets (Gauntlet)
  2 polar bears (IceCv)
  4 meliai
  A wind drake (shapeshifter) (D:14)
  Prince Ribbit (D:8)
  A tarantella (shapeshifter) (Elf:3)
  A tengu simulacrum (Vaults:2)
  10 blink frogs
  19 merfolk
  8 snapping turtles
  3 dream sheep (Lair:5)
  10 large abominations
  A flying skull (Abyss:3)
  9 raiju
  A centaur simulacrum (D:14)
  46 slime creatures
  Sigmund (D:3)
  2 air elementals
  2 shadows
  3 vampires
  6 wraiths
  6 ynoxinuls
  24 yaks
  3 spriggans
  9 water elementals
  3 chaos spawn
  A golden eye (Slime:1)
  29 starcursed masses
  2 redbacks (Vaults:2)
  A wyvern (Lair:5)
  2 neqoxecs (Abyss:3)
  2 basilisks
  A golden eye (shapeshifter) (Lair:5)
  10 humans (D:14)
  7 vampire mosquitoes
  4 wargs
  A warg (shapeshifter) (Elf:3)
  36 nagas
  9 water moccasins
  3 acid dragons
  13 small abominations
  4 hell hounds
  29 orc warriors
  6 hexers
  2 ice beasts
  5 black bears
  2 sky beasts
  7 wolves
  8 ogres
  4 boggarts (Vaults:1)
  15 centaurs
  A lemure (D:8)
  9 bullfrogs
  3 kobold brigands
  Blork the orc (D:6)
  2 scorpions
  3 gnoll sergeants
  8 wights
  2 elf skeletons (D:5)
  A glowing shapeshifter simulacrum (Vaults:2)
  4 earth elementals
  A water moccasin zombie (Ossuary)
  5 killer bees
  3 vampire bats (D:10)
  3 electric eels
  2 howler monkeys
  A gnoll bouda (D:6)
  4 jellies
  23 orc priests
  Ijyb (D:2)
  Jessica (D:3)
  An iguana (D:5)
  2 sleepcaps (D:5)
  Natasha (thrice) (D:2)
  4 human skeletons (D:5)
  5 hell rats (Lair:4)
  21 orc wizards
  4 lightning spires (Vaults:2)
  2 human simulacra (D:12)
  2 mummies (Ossuary)
  Robin (D:2)
  5 adders
  27 gnolls
  7 white imps
  3 ufetubi
  6 adder zombies (Ossuary)
  A worm (D:2)
  3 dart slugs
  74 orcs
  A bat skeleton (D:10)
  3 bat zombies (D:10)
  10 endoplasms
  4 giant cockroaches
  7 gnoll zombies (Ossuary)
  15 goblins
  11 hobgoblins
  3 jackals (D:4)
  3 quokkas
  4 ball pythons
  6 bats
  A frilled lizard (D:1)
  7 hobgoblin zombies (Ossuary)
  21 kobolds
  4 kobold zombies (Ossuary)
  5 orc zombies (Ossuary)
  4 rats
  3 lurking horrors
  5 tentacles
1563 creatures vanquished.

Vanquished Creatures (collateral kills)
  Mara (Snake:3)
  the Enchantress (Depths:1)
  A tentacled monstrosity (Vaults:4)
  Mlioglotl (Snake:3)
  10 acid blobs
  A sphinx (Vaults:4)
  Polyphemus (Shoals:1)
  A tentacled starspawn (Abyss:4)
  A nagaraja (Snake:4)
  5 azure jellies (Slime:5)
  3 rockslimes
  Ilsuiw (Shoals:2)
  A fire giant (Depths:1)
  2 frost giants (IceCv)
  A deep elf sorcerer (Elf:3)
  An angel (Abyss:4)
  7 vault wardens
  3 ironbound preservers
  3 quicksilver oozes
  3 ironbound thunderhulks
  2 deep elf annihilators
  15 dire elephants
  5 merfolk impalers
  2 merfolk javelineers
  An ettin (Vaults:4)
  A deep elf death mage (Elf:3)
  A deep elf high priest (Elf:3)
  2 yaktaur captains (Vaults:4)
  4 great orbs of eyes
  Josephine (Orc:1)
  2 fire dragons (Depths:1)
  A peacekeeper (Vaults:3)
  2 ice dragons (IceCv)
  A salamander tyrant (Snake:4)
  8 vault guards
  2 catoblepae
  3 centaur warriors
  A hydra (Lair:4)
  3 ironbound frosthearts
  A merfolk avatar (Shoals:4)
  An alligator snapping turtle (Shoals:4)
  2 boulder beetles
  4 dancing weapons
  3 anacondas
  A satyr (Abyss:4)
  4 naga warriors
  2 two-headed ogres (D:15)
  A merfolk aquamancer (Shoals:4)
  4 death yaks
  2 thrashing horrors
  7 naga sharpshooters
  3 hell knights (Depths:1)
  2 shock serpents
  2 orc high priests (Orc:2)
  7 deep elf knights
  2 skysharks
  A wretched star (Abyss:4)
  6 deep trolls
  3 sea snakes
  An ironbound convoker (Vaults:1)
  2 naga ritualists
  A golden dragon skeleton (Vaults:2)
  4 deep elf archers
  An obsidian statue (Depths:1)
  A spriggan simulacrum (Vaults:2)
  A flayed ghost (Abyss:4)
  3 wizards
  An orc knight (Orc:2)
  5 lindwurms
  2 harpies (Vaults:1)
  2 deep elf pyromancers (Elf:1)
  4 mana vipers
  3 deep elf zephyrmancers
  A human zombie (Vaults:2)
  2 manticores
  6 shining eyes
  An orc sorcerer (Orc:2)
  A will-o-the-wisp (Abyss:3)
  2 salamanders (Snake:4)
  13 ugly things
  2 cyclopes
  15 black mambas
  A merfolk siren (Shoals:4)
  3 guardian serpents
  28 slime creatures
  8 elephants
  2 vault sentinels
  4 eyes of devastation
  6 water nymphs
  5 naga magi (Snake:4)
  A yaktaur zombie (Vaults:2)
  2 gargoyles (Volcano)
  A smoke demon (Lair:5)
  An unseen horror (D:12)
  An efreet (Abyss:3)
  3 yaktaurs
  4 komodo dragons
  4 rime drakes (IceCv)
  2 polar bears (IceCv)
  A troll (Orc:2)
  3 ancient zymes (Abyss:4)
  A troll (shapeshifter) (Elf:3)
  4 raiju
  3 large abominations
  12 merfolk
  2 hornets
  6 blink frogs
  3 wind drakes
  A nameless horror (Slime:3)
  A polar bear (shapeshifter) (Abyss:4)
  A tarantella (shapeshifter) (Abyss:3)
  2 dream sheep (Lair:5)
  A snapping turtle (Shoals:1)
  An air elemental (Elf:1)
  A ynoxinul (Abyss:3)
  2 spriggans (Depths:1)
  4 water elementals
  2 shadows
  A hog (Shoals:1)
  3 fire elementals
  6 humans (D:14)
  2 neqoxecs (Abyss:4)
  2 redbacks
  2 chaos spawn
  A steam dragon (D:8)
  A vampire mosquito (D:11)
  4 yaks
  2 basilisks (Lair:5)
  A warg (Orc:2)
  7 nagas
  A water moccasin (D:8)
  A floating eye (Depths:1)
  6 orc warriors (Orc:2)
  2 ogres
  A boggart (Vaults:1)
  2 black bears
  4 centaurs
  A kobold brigand (D:7)
  6 small abominations
  2 bullfrogs
  2 wights
  2 killer bees
  4 howler monkeys
  2 jellies
  5 orc priests
  3 starcursed masses
  An iguana (D:7)
  10 orc wizards
  4 gnolls
  A shadow imp (D:7)
  A white imp (Abyss:4)
  An ufetubus (Gauntlet)
  26 orcs
  A bat skeleton (D:10)
  A bat zombie (D:10)
  4 kobolds
  A spectral weapon (Elf:3)
491 creatures vanquished.

Vanquished Creatures (others)
  An orc warlord (Vaults:4)
  An ice dragon (Depths:1)
  A vault guard (Vaults:4)
  An anaconda (Snake:4)
  2 deep elf knights (Elf:1)
  A wizard (Vaults:2)
  A deep elf zephyrmancer (Vaults:2)
  A merfolk (Shoals:4)
  A hornet (Vaults:2)
  A human (Shoals:1)
  A hell hound (Elf:1)
  2 nagas (Snake:4)
  A scorpion (D:8)
  69 hexers
  An orc wizard (D:9)
  An ancestor (D:5)
  A white imp (Abyss:4)
  2 ball lightnings (Vaults:2)
  8 foxfires (Abyss:3)
  12 starspawn tentacles
  20 tentacles
129 creatures vanquished.

Grand Total: 2183 creatures vanquished

Notes
Turn   | Place    | Note
-------+----------+-------------------------------------------
     0 | D:1      | Shayle the Gnoll Shapeshifter began the quest for the Orb.
     0 | D:1      | Reached XP level 1. HP: 17/17 MP: 1/1
   293 | D:1      | Reached XP level 2. HP: 23/23 MP: 2/2
   899 | D:2      | Reached XP level 3. HP: 28/28 MP: 3/3
  1098 | D:2      | Reached skill level 1 in Invocations
  1145 | D:2      | Found a burning altar of Makhleb.
  1301 | D:2      | Reached skill level 1 in Short Blades
  1301 | D:2      | Reached skill level 1 in Long Blades
  1301 | D:2      | Reached skill level 1 in Axes
  1301 | D:2      | Reached skill level 1 in Maces & Flails
  1301 | D:2      | Reached skill level 1 in Polearms
  1301 | D:2      | Reached skill level 1 in Staves
  1301 | D:2      | Reached skill level 1 in Ranged Weapons
  1301 | D:2      | Reached skill level 1 in Throwing
  1301 | D:2      | Reached skill level 1 in Armour
  1301 | D:2      | Reached skill level 1 in Stealth
  1301 | D:2      | Reached skill level 1 in Shields
  1301 | D:2      | Reached skill level 1 in Spellcasting
  1301 | D:2      | Reached skill level 1 in Evocations
  1319 | D:2      | Noticed Natasha
  1335 | D:2      | Killed Natasha
  1336 | D:2      | Reached XP level 4. HP: 15/34 MP: 5/5
  1715 | D:2      | Noticed Natasha
  1723 | D:2      | Killed Natasha
  1724 | D:2      | Reached skill level 1 in Conjurations
  1724 | D:2      | Reached skill level 1 in Hexes
  1724 | D:2      | Reached skill level 1 in Summonings
  1724 | D:2      | Reached skill level 1 in Necromancy
  1724 | D:2      | Reached skill level 1 in Translocations
  1724 | D:2      | Reached skill level 1 in Transmutations
  1724 | D:2      | Reached skill level 1 in Fire Magic
  1724 | D:2      | Reached skill level 1 in Ice Magic
  1724 | D:2      | Reached skill level 1 in Air Magic
  1724 | D:2      | Reached skill level 1 in Earth Magic
  1724 | D:2      | Reached skill level 1 in Poison Magic
  1816 | D:2      | Noticed Natasha
  1819 | D:2      | Killed Natasha
  1820 | D:2      | Reached XP level 5. HP: 36/40 MP: 5/7
  1838 | D:3      | Noticed Robin
  1907 | D:3      | Noticed Ijyb
  1916 | D:2      | Killed Ijyb
  1980 | D:3      | Noticed Jessica
  1982 | D:3      | Killed Jessica
  2075 | D:3      | Reached XP level 6. HP: 43/47 MP: 8/8
  2090 | D:2      | Killed Robin
  2176 | D:3      | Reached skill level 5 in Dodging
  2191 | D:3      | Found a stormy altar of Qazlal.
  2224 | D:3      | Noticed Sigmund
  2228 | D:3      | Killed Sigmund
  2229 | D:3      | Reached skill level 2 in Axes
  2229 | D:3      | Reached XP level 7. HP: 46/52 MP: 8/10
  2797 | D:4      | Found a hazy altar of Hepliaklqana.
  2807 | D:4      | Became a worshipper of Hepliaklqana the Forgotten
  2829 | D:4      | Found an ornate altar of the Wu Jian Council.
  2985 | D:4      | Found a blossoming altar of Fedhas.
  3076 | D:4      | Found a broken altar of Ashenzari.
  3158 | D:4      | Reached XP level 8. HP: 57/60 MP: 12/12
  3263 | D:5      | Entered Level 5 of the Dungeon
  3265 | D:5      | Identified a scroll of acquirement
  3275 | D:5      | Found a sacrificial altar of Ru.
  3277 | D:5      | Found a bloodstained altar of Trog.
  3287 | D:5      | Reached skill level 3 in Axes
  3384 | D:5      | Found a sand-covered staircase.
  3392 | Ossuary  | Entered an ossuary
  3617 | D:5      | Found Apas's Antique Weapon Boutique.
  3660 | D:5      | Reached * piety under Hepliaklqana
  3880 | D:5      | Reached XP level 9. HP: 59/59 MP: 14/14
  3916 | D:5      | Found a shimmering altar of Xom.
  3917 | D:5      | Found a shimmering altar of Xom.
  3917 | D:5      | Found a shimmering altar of Xom.
  3919 | D:5      | Found a shimmering altar of Xom.
  3921 | D:5      | Found a shimmering altar of Xom.
  4015 | D:5      | Found a radiant altar of Vehumet.
  4379 | D:6      | Noticed Blork the orc
  4634 | D:5      | Reached skill level 4 in Axes
  4718 | D:6      | Killed Blork the orc
  4777 | D:6      | Reached skill level 5 in Fighting
  4780 | D:6      | Reached ** piety under Hepliaklqana
  4781 | D:6      | Remembered your ancestor Edwyna as a hexer
  5255 | D:7      | Reached skill level 5 in Invocations
  5401 | D:7      | Found a staircase to the Ecumenical Temple.
  5410 | Temple   | Entered the Ecumenical Temple
  5513 | D:7      | Found a white marble altar of Elyvilon.
  5666 | D:7      | Found a shadowy altar of Dithmenos.
  5913 | D:8      | Noticed Pikel
  5923 | D:8      | Killed Pikel
  5924 | D:8      | Reached skill level 5 in Short Blades
  5924 | D:8      | Reached skill level 5 in Long Blades
  5924 | D:8      | Reached skill level 5 in Axes
  5924 | D:8      | Reached skill level 5 in Maces & Flails
  5924 | D:8      | Reached skill level 5 in Polearms
  5924 | D:8      | Reached skill level 5 in Staves
  5924 | D:8      | Reached skill level 5 in Ranged Weapons
  5924 | D:8      | Reached skill level 5 in Throwing
  5924 | D:8      | Reached skill level 5 in Armour
  5924 | D:8      | Reached skill level 5 in Stealth
  5924 | D:8      | Reached skill level 5 in Shields
  5924 | D:8      | Reached skill level 5 in Spellcasting
  5924 | D:8      | Reached skill level 5 in Evocations
  5924 | D:8      | Reached XP level 10. HP: 67/68 MP: 17/17
  5963 | D:8      | Found a staircase to the Lair.
  6160 | D:8      | Found a snail-covered altar of Cheibriados.
  6193 | D:8      | Noticed Prince Ribbit
  6202 | D:8      | Killed Prince Ribbit
  6238 | D:8      | Noticed a two-headed ogre
  6247 | D:8      | Killed a two-headed ogre
  6280 | D:8      | Reached *** piety under Hepliaklqana
  6367 | D:8      | Reached XP level 11. HP: 74/74 MP: 19/19
  6560 | Lair:1   | Entered Level 1 of the Lair of Beasts
  6592 | Lair:1   | Found a transporter.
  6598 | Lair:1   | Acquired the +7 hand crossbow of Resourcefulness {speed,
                  | +Blink rC+ rN+}
  6617 | Lair:1   | Noticed a death yak
  6703 | Lair:1   | Reached skill level 6 in Axes
  6705 | Lair:1   | Reached skill level 5 in Conjurations
  6705 | Lair:1   | Reached skill level 5 in Hexes
  6705 | Lair:1   | Reached skill level 5 in Summonings
  6705 | Lair:1   | Reached skill level 5 in Necromancy
  6705 | Lair:1   | Reached skill level 5 in Translocations
  6705 | Lair:1   | Reached skill level 5 in Transmutations
  6705 | Lair:1   | Reached skill level 5 in Fire Magic
  6705 | Lair:1   | Reached skill level 5 in Ice Magic
  6705 | Lair:1   | Reached skill level 5 in Air Magic
  6705 | Lair:1   | Reached skill level 5 in Earth Magic
  6705 | Lair:1   | Reached skill level 5 in Poison Magic
  6849 | Lair:1   | Found a transporter.
  6851 | Lair:1   | Noticed a swamp dragon
  6852 | Lair:1   | Noticed a swamp dragon
  6852 | Lair:1   | Noticed a swamp dragon
  6884 | Lair:1   | Noticed a death yak
  6897 | Lair:1   | Killed a death yak
  6913 | Lair:1   | Killed a death yak
  7182 | Lair:1   | Reached **** piety under Hepliaklqana
  7334 | Lair:2   | Noticed a catoblepas
  7354 | Lair:2   | Killed a catoblepas
  7496 | Lair:2   | Reached XP level 12. HP: 81/81 MP: 22/22
  7501 | Lair:2   | Reached skill level 7 in Axes
  7554 | Lair:2   | Found a staircase to the Snake Pit.
  8593 | Lair:3   | Found a staircase to the Shoals.
  8910 | Lair:3   | Reached skill level 10 in Unarmed Combat
  9333 | Lair:4   | Noticed an eight-headed hydra
  9518 | Lair:4   | Found a gate leading to a gauntlet.
  9524 | Lair:4   | Killed an eight-headed hydra
  9528 | Gauntlet | Entered a Gauntlet
  9528 | Gauntlet | Found a transporter.
  9528 | Gauntlet | Found a transporter.
  9529 | Gauntlet | Found a transporter.
  9529 | Gauntlet | Found a transporter.
  9532 | Gauntlet | Found a transporter.
  9542 | Gauntlet | Found a transporter.
  9608 | Gauntlet | Found a transporter.
  9618 | Gauntlet | Found a transporter.
  9633 | Gauntlet | Found a transporter.
  9643 | Gauntlet | Found a transporter.
  9658 | Gauntlet | Found a transporter.
  9670 | Gauntlet | Found a transporter.
  9844 | Gauntlet | Got Aceible's Almanac of the Entourage and the Blaze
  9879 | Gauntlet | Identified the ring of Puvipio {rElec rN+ rCorr Str+5
                  | Slay+6}
  9944 | Gauntlet | Identified the amulet "Fuamim" {Faith Dex+4}
  9966 | Gauntlet | Noticed a minotaur
  9975 | Gauntlet | Killed a minotaur
  9976 | Gauntlet | Reached skill level 8 in Axes
  9976 | Gauntlet | Reached XP level 13. HP: 29/89 MP: 16/25
 10558 | Lair:4   | Found a staircase to the Slime Pits.
 10893 | Lair:5   | Entered Level 5 of the Lair of Beasts
 11050 | Lair:5   | Found the amulet of Vitality {RegenMP++ Regen++}
 11848 | Lair:5   | Reached skill level 10 in Dodging
 12017 | Lair:5   | Reached skill level 10 in Shapeshifting
 12063 | Lair:5   | Reached skill level 9 in Axes
 12063 | Lair:5   | Reached XP level 14. HP: 68/97 MP: 25/27
 12173 | Lair:5   | Reached skill level 10 in Invocations
 12200 | Lair:5   | Found a corrupted altar of Lugonu.
 12200 | Lair:5   | Found a one-way gate to the infinite horrors of the Abyss.
 12456 | D:9      | Noticed Maurice
 12457 | D:9      | Killed Maurice
 12475 | D:9      | Noticed Psyche
 12481 | D:9      | Killed Psyche
 12599 | D:9      | Found a runed translucent door.
 12603 | D:9      | Noticed drugrobin's ghost (novice DgDe)
 12649 | D:9      | Identified the +12 trident "Vuzxin" {protect, Fly rF-
                  | Stlth+}
 13085 | D:9      | Identified the staff of Truth {rElec rF+ Air}
 13234 | D:10     | Entered Level 10 of the Dungeon
 13344 | D:10     | Found a basalt altar of Yredelemnul.
 13589 | D:10     | Found Avovor's Assorted Antiques.
 13592 | D:10     | Bought a small cabochon ring for 125 gold pieces
 13592 | D:10     | Bought a scroll of teleportation for 75 gold pieces
 13614 | D:10     | Found a sparkling altar of Nemelex Xobeh.
 13682 | D:10     | Found a staircase to the Orcish Mines.
 13727 | D:10     | Found an ancient bone altar of Kikubaaqudgha.
 14189 | D:11     | Noticed Sonja
 14194 | D:11     | Killed Sonja
 14313 | D:11     | Found a broken altar of Ashenzari.
 14393 | D:11     | Reached ***** piety under Hepliaklqana
 14939 | D:12     | Identified the +1 robe "Ytha" {rF+ rC+ Str+3}
 15347 | Orc:1    | Entered Level 1 of the Orcish Mines
 15386 | D:10     | Reached skill level 10 in Fighting
 15525 | Orc:1    | Noticed Josephine
 15598 | Orc:1    | Killed Josephine
 15847 | Orc:1    | Found an iron altar of Okawaru.
 15889 | Orc:2    | Entered Level 2 of the Orcish Mines
 15975 | Orc:2    | Found a dark tunnel.
 16021 | Volcano  | Entered a volcano
 16232 | Volcano  | Noticed an orb of fire
 16236 | Volcano  | Noticed an orb of fire
 16252 | Volcano  | Reached XP level 15. HP: 103/103 MP: 28/28
 16503 | Orc:2    | Found a staircase to the Elven Halls.
 16566 | Orc:2    | Reached skill level 10 in Short Blades
 16566 | Orc:2    | Reached skill level 10 in Long Blades
 16566 | Orc:2    | Reached skill level 10 in Axes
 16566 | Orc:2    | Reached skill level 10 in Maces & Flails
 16566 | Orc:2    | Reached skill level 10 in Polearms
 16566 | Orc:2    | Reached skill level 10 in Staves
 16566 | Orc:2    | Reached skill level 10 in Ranged Weapons
 16566 | Orc:2    | Reached skill level 10 in Throwing
 16566 | Orc:2    | Reached skill level 10 in Armour
 16566 | Orc:2    | Reached skill level 10 in Stealth
 16566 | Orc:2    | Reached skill level 10 in Shields
 16566 | Orc:2    | Reached skill level 10 in Spellcasting
 16566 | Orc:2    | Reached skill level 10 in Evocations
 16570 | Orc:2    | Found Efen's Antique Weapon Shoppe.
 16623 | Orc:2    | Found Fozxenwe's Antique Weapon Boutique.
 16899 | Orc:2    | Noticed an orc warlord
 16938 | Orc:2    | Killed an orc warlord
 17069 | Orc:2    | Found Xuyheh's Antique Weapon Shop.
 17073 | Orc:2    | Found Obodoy's Antique Armour Boutique.
 17700 | D:13     | Noticed Rupert
 17706 | D:13     | Paralysed by Rupert for 3 turns
 17779 | D:14     | Noticed Jorgrun
 17786 | D:14     | Killed Jorgrun
 17910 | D:14     | Noticed Lodul
 17920 | D:14     | Killed Lodul
 17921 | D:14     | Found a gate to the Vaults.
 17974 | D:14     | Noticed Roxanne
 18051 | D:14     | Killed Roxanne
 18244 | D:14     | Found a large runed translucent door.
 18563 | D:13     | Killed Rupert
 18914 | D:14     | Found a large runed translucent door.
 19168 | D:15     | Entered Level 15 of the Dungeon
 19193 | D:15     | Paralysed by something for 2 turns
 19456 | Snake:1  | Entered Level 1 of the Snake Pit
 19497 | Snake:1  | Reached XP level 16. HP: 78/112 MP: 30/30
 19552 | Snake:1  | Found Xeotwuep's General Store.
 19558 | Snake:1  | Found Darr's Antique Weapon Emporium.
 19560 | Snake:1  | Found Koext's Assorted Antiques.
 19572 | Snake:1  | Bought a +0 helmet of intelligence for 138 gold pieces
 19577 | Snake:1  | Bought a scintillating platinum ring for 165 gold pieces
 19577 | Snake:1  | Identified the ring of the Monkey {Fire Int+2} (You bought
                  | it in a shop on level 1 of the Snake Pit)
 19614 | Snake:1  | Found a hazy altar of Hepliaklqana.
 20094 | Snake:1  | Noticed Agnes
 20126 | Snake:1  | Killed Agnes
 20470 | Snake:2  | Reached skill level 11 in Axes
 20665 | Snake:2  | Found a stormy altar of Qazlal.
 21172 | Snake:3  | Noticed Mara
 21172 | Snake:3  | Noticed Mara
 21176 | Snake:3  | Noticed Mara
 21185 | Snake:3  | Noticed Shayle's illusion
 21193 | Snake:3  | Found Feffuam's Jewellery Shoppe.
 21305 | Snake:3  | Noticed Mlioglotl
 21313 | Snake:3  | Killed Mlioglotl
 21896 | Snake:3  | Reached ****** piety under Hepliaklqana
 21982 | Snake:4  | Entered Level 4 of the Snake Pit
 21982 | Snake:4  | Noticed a nagaraja
 21982 | Snake:4  | Found Gyuphos's Magic Scroll Boutique.
 22107 | Snake:3  | Noticed Shayle's illusion
 22125 | Snake:3  | Killed Mara
 22206 | Snake:4  | Reached XP level 17. HP: 100/119 MP: 32/32
 22644 | Snake:4  | Reached skill level 10 in Conjurations
 22644 | Snake:4  | Reached skill level 10 in Hexes
 22644 | Snake:4  | Reached skill level 10 in Summonings
 22644 | Snake:4  | Reached skill level 10 in Necromancy
 22644 | Snake:4  | Reached skill level 10 in Translocations
 22644 | Snake:4  | Reached skill level 10 in Transmutations
 22644 | Snake:4  | Reached skill level 10 in Fire Magic
 22644 | Snake:4  | Reached skill level 10 in Ice Magic
 22644 | Snake:4  | Reached skill level 10 in Air Magic
 22644 | Snake:4  | Reached skill level 10 in Earth Magic
 22644 | Snake:4  | Reached skill level 10 in Poison Magic
 22838 | Snake:4  | Bought a scroll of teleportation for 30 gold pieces
 22838 | Snake:4  | Bought a scroll of teleportation for 30 gold pieces
 23049 | Snake:4  | Reached skill level 12 in Axes
 23759 | Snake:4  | Reached XP level 18. HP: 92/126 MP: 34/34
 23810 | Snake:4  | Got a serpentine rune of Zot
 23983 | Shoals:1 | Entered Level 1 of the Shoals
 24218 | Shoals:1 | Noticed Kirke
 24229 | Shoals:1 | Killed Kirke
 24598 | Shoals:2 | Noticed Polyphemus
 24609 | Shoals:1 | Killed Polyphemus
 24693 | Shoals:2 | Noticed Ilsuiw
 24713 | Shoals:2 | Killed Ilsuiw
 25448 | Shoals:3 | Identified the +1 arbalest of the Unliving {freeze, rPois
                  | rF- Will++ rCorr}
 26008 | Shoals:4 | Entered Level 4 of the Shoals
 26068 | Shoals:4 | Found Anul's Antique Weapon Shop.
 26102 | Shoals:4 | Found Eginkepu's Distillery.
 26109 | Shoals:4 | Upgraded the game from 0.31-a0-344-gd109795599 to
                  | 0.31-a0-345-g1ebeae05c6
 26286 | Shoals:4 | Got a barnacled rune of Zot
 26419 | Shoals:4 | Reached skill level 13 in Axes
 26448 | Shoals:4 | Reached XP level 19. HP: 134/134 MP: 36/36
 26488 | Shoals:4 | Acquired a +4 ring of protection
 26698 | Shoals:4 | Found Kaliniti's Distillery.
 26707 | Shoals:4 | Bought a potion of curing for 36 gold pieces
 26707 | Shoals:4 | Bought a potion of haste for 120 gold pieces
 26707 | Shoals:4 | Bought a potion of might for 48 gold pieces
 26707 | Shoals:4 | Bought a potion of curing for 36 gold pieces
 26707 | Shoals:4 | Bought a potion of lignification for 36 gold pieces
 26707 | Shoals:4 | Bought a potion of curing for 36 gold pieces
 26707 | Shoals:4 | Bought a potion of curing for 36 gold pieces
 26712 | Shoals:4 | Bought 2 potions of invisibility for 192 gold pieces
 27179 | Vaults:1 | Entered Level 1 of the Vaults
 28375 | Vaults:2 | Reached skill level 14 in Axes
 28511 | Vaults:2 | Found a flickering gateway to a bazaar.
 28520 | Bazaar   | Entered a bazaar
 28534 | Bazaar   | Found Niatyiw's Jewellery Emporium.
 28568 | Bazaar   | Found Woink's General Store.
 28568 | Bazaar   | Found Qubet's Weapon Emporium.
 28579 | Bazaar   | Bought a scroll of teleportation for 48 gold pieces
 28579 | Bazaar   | Bought a potion of resistance for 160 gold pieces
 28599 | Bazaar   | Bought the +1 robe of Vines {NoPotionHeal Regen++++} for
                  | 1280 gold pieces
 28599 | Bazaar   | Found the +1 robe of Vines {NoPotionHeal Regen++++}
 28710 | Vaults:2 | Found the +6 arbalest "Damnation" {damnation}
 28762 | Vaults:2 | Reached skill level 15 in Unarmed Combat
 28762 | Vaults:2 | Paralysed by a great orb of eyes for 4 turns
 28809 | Vaults:2 | Reached XP level 20. HP: 139/142 MP: 37/37
 29282 | Vaults:2 | Reached skill level 15 in Invocations
 29374 | Vaults:2 | Noticed a bone dragon
 29437 | Vaults:2 | Killed a bone dragon
 29454 | Vaults:2 | Got the Encyclopedia of Cadavers
 29506 | Vaults:2 | Got the Compendium of Contamination
 30330 | Abyss:2  | Cast into level 2 of the Abyss (a wizard)
 30397 | Abyss:3  | Paralysed by a great orb of eyes for 4 turns
 30427 | Abyss:3  | Reached skill level 15 in Axes
 30451 | Abyss:3  | Found a corrupted altar of Lugonu.
 30528 | Abyss:3  | Gained mutation: You are frail. (-10% HP) [a shining eye]
 30557 | Abyss:3  | Noticed an ancient lich
 30591 | Abyss:3  | Killed an ancient lich
 30593 | Abyss:3  | Gained mutation: Armour fits poorly on your strangely
                  | shaped body. [a neqoxec]
 30612 | Abyss:3  | Paralysed by accursed screaming for 1 turns
 30615 | Vaults:3 | Escaped the Abyss
 31010 | Vaults:3 | Noticed a bone dragon
 31015 | Vaults:3 | Killed a bone dragon
 31046 | Vaults:3 | Found a staircase to the Crypt.
 31213 | Vaults:3 | Noticed Bai Suzhen
 31230 | Vaults:3 | Killed Bai Suzhen
 31231 | Vaults:3 | Reached skill level 15 in Dodging
 31302 | Vaults:3 | Reached XP level 21. HP: 132/132 MP: 39/39
 31472 | Vaults:4 | Found Sezuala's Armour Shop.
 31894 | Vaults:4 | Reached skill level 16 in Axes
 32044 | Vaults:4 | Reached skill level 15 in Fighting
 32481 | Vaults:4 | Noticed an ancient lich
 32486 | Vaults:4 | Killed an ancient lich
 32493 | Vaults:4 | Noticed an ancient lich
 32493 | Vaults:4 | Identified the amulet "Veymuxits" {Acrobat +Inv rCorr}
 32609 | Vaults:4 | Killed an ancient lich
 32620 | Vaults:4 | Reached skill level 15 in Short Blades
 32620 | Vaults:4 | Reached skill level 15 in Long Blades
 32620 | Vaults:4 | Reached skill level 15 in Maces & Flails
 32620 | Vaults:4 | Reached skill level 15 in Polearms
 32620 | Vaults:4 | Reached skill level 15 in Staves
 32620 | Vaults:4 | Reached skill level 15 in Ranged Weapons
 32620 | Vaults:4 | Reached skill level 15 in Throwing
 32620 | Vaults:4 | Reached skill level 15 in Armour
 32620 | Vaults:4 | Reached skill level 15 in Stealth
 32620 | Vaults:4 | Reached skill level 15 in Shields
 32620 | Vaults:4 | Reached skill level 15 in Spellcasting
 32620 | Vaults:4 | Reached skill level 15 in Evocations
 32701 | Vaults:4 | Identified the +4 ring mail of the Nexus {rN+++ Str-4 Dex+5
                  | Slay-3}
 33321 | D:15     | Reached XP level 22. HP: 140/140 MP: 41/41
 33549 | D:15     | Found a staircase to the Depths.
 33737 | Depths:1 | Entered Level 1 of the Depths
 33824 | Depths:1 | Paralysed by a floating eye for 3 turns
 33916 | Depths:1 | Found a gateway to Hell.
 33947 | Depths:1 | Noticed the Enchantress
 33955 | Depths:1 | Killed the Enchantress
 33956 | Depths:1 | Reached skill level 17 in Axes
 34054 | Depths:1 | Found a runed translucent door.
 34065 | Depths:1 | Found the ring of the Mage {Wiz Archmagi}
 34097 | Abyss:3  | Cast into level 3 of the Abyss (a wizard)
 34129 | Abyss:3  | Found a hide-covered altar of Uskayaw.
 34149 | Abyss:3  | Paralysed by accursed screaming for 1 turns
 34190 | Abyss:4  | Gained mutation: You are clumsy. (Dex -2) [a neqoxec]
 34450 | Abyss:4  | Found a corrupted altar of Lugonu.
 34492 | Abyss:4  | Found a corrupted altar of Lugonu.
 34506 | Abyss:4  | Found a corrupted altar of Lugonu.
 34515 | Abyss:4  | Found a corrupted altar of Lugonu.
 34544 | Abyss:4  | Paralysed by accursed screaming for 1 turns
 34611 | Abyss:4  | Noticed a profane servitor
 34621 | Abyss:4  | Killed a profane servitor
 34635 | Abyss:4  | Paralysed by accursed screaming for 1 turns
 34638 | Abyss:4  | Got an abyssal rune of Zot
 34685 | Abyss:4  | Noticed a profane servitor
 34702 | Abyss:4  | Killed a profane servitor
 34711 | Abyss:4  | Found a corrupted altar of Lugonu.
 34739 | Abyss:4  | Noticed a dread lich
 34748 | Abyss:4  | Paralysed by something for 5 turns
 34759 | Abyss:4  | Paralysed by something for 3 turns
 34811 | Abyss:4  | Found a corrupted altar of Lugonu.
 34812 | Abyss:4  | Lost mutation: Armour fits poorly on your strangely shaped
                  | body. [potion of mutation]
 34812 | Abyss:4  | Lost mutation: You are frail. (-10% HP) [potion of
                  | mutation]
 34812 | Abyss:4  | Lost mutation: You are clumsy. (Dex -2) [potion of
                  | mutation]
 34812 | Abyss:4  | Gained mutation: You are vulnerable to cold. (rC-) [potion
                  | of mutation]
 34812 | Abyss:4  | Gained mutation: You are clumsy. (Dex -2) [potion of
                  | mutation]
 34813 | Abyss:4  | Lost mutation: You are vulnerable to cold. (rC-) [potion of
                  | mutation]
 34813 | Abyss:4  | Lost mutation: You are clumsy. (Dex -2) [potion of
                  | mutation]
 34813 | Abyss:4  | Gained mutation: You are strong-willed. (Will+) [potion of
                  | mutation]
 34813 | Abyss:4  | Gained mutation: Your body sometimes deteriorates upon
                  | taking damage. [potion of mutation]
 34813 | Abyss:4  | Gained mutation: Your flesh is heat resistant. (rF+)
                  | [potion of mutation]
 34814 | Abyss:4  | Lost mutation: Your body sometimes deteriorates upon taking
                  | damage. [potion of mutation]
 34814 | Abyss:4  | Lost mutation: Your flesh is heat resistant. (rF+) [potion
                  | of mutation]
 34814 | Abyss:4  | Lost mutation: You are strong-willed. (Will+) [potion of
                  | mutation]
 34814 | Abyss:4  | Gained mutation: You are robust. (+10% HP) [potion of
                  | mutation]
 34824 | Depths:1 | Escaped the Abyss
 35615 | Elf:1    | Entered Level 1 of the Elven Halls
 35620 | Elf:1    | Reached XP level 23. HP: 183/183 MP: 42/42
 35666 | Elf:1    | Reached skill level 18 in Axes
 35781 | Elf:1    | Identified the +0 helmet "Osiq" {rElec rPois rC+ rN+ Str-2}
 35883 | Elf:1    | Found Tonys's Antique Armour Shop.
 35883 | Elf:1    | Found Jyllayho's Antique Weapon Boutique.
 35996 | Elf:1    | Paralysed by an air elemental for 1 turns
 36351 | Elf:1    | Identified the +7 short sword of Gozag's Inspiration
                  | {chaos, rElec rPois Will++ Str-4}
 36443 | Elf:1    | Noticed Louise
 36449 | Abyss:4  | Cast into level 4 of the Abyss (Louise)
 36467 | Elf:1    | Escaped the Abyss
 36473 | Elf:1    | Killed Louise
 36575 | Elf:2    | Found Veapeid's Magic Scroll Boutique.
 36924 | Elf:2    | Reached skill level 15 in Shapeshifting
 37284 | Snake:1  | Bought the +2 hood of the Assassin {Detect Stab+ Stlth++}
                  | for 1980 gold pieces
 37284 | Snake:1  | Found the +2 hood of the Assassin {Detect Stab+ Stlth++}
 37665 | Elf:2    | Found a runed translucent door.
 37694 | Elf:2    | Found a runed translucent door.
 38277 | Elf:3    | Entered Level 3 of the Elven Halls
 38359 | Elf:3    | Found a frozen archway.
 38363 | IceCv    | Entered an ice cave
 39330 | Elf:3    | Reached XP level 24. HP: 193/193 MP: 43/43
 39592 | Elf:3    | Reached skill level 19 in Axes
 39653 | Elf:3    | Identified the +0 mace of Jufiob {flame, rCorr Int+2}
 39702 | Elf:3    | Identified the +5 rapier of the Oily God {freeze, Int+3
                  | Dex+4}
 39728 | Elf:3    | Identified the ring of Rumafuimp {EV+5 Int+2 Dex+6}
 39735 | Elf:3    | Identified the ring of Miracles {Will+ Dex+7}
 39735 | Elf:3    | Noticed Asterion
 39740 | Elf:3    | Identified the ring "Xeitzub" {rElec rF+ Will+ Dex-5}
 39742 | Elf:3    | Identified the +9 quarterstaff of Duty {drain, rF+ SInv}
 39745 | Elf:3    | Gained mutation: You sometimes lose your temper in combat.
                  | [a cacodemon]
 39746 | Elf:3    | Gained mutation: You have an uncontrollable temper. [a
                  | cacodemon]
 39752 | Abyss:4  | Cast into level 4 of the Abyss (a deep elf sorcerer)
 39788 | Elf:3    | Escaped the Abyss
 39796 | Elf:3    | Killed Asterion
 39855 | Elf:3    | Identified the +0 hat of the Thistle {+Inv rF++ MP-9 SInv}
 39886 | Elf:3    | Identified the +2 ring mail of Dithmenos's Envy {rPois}
 39887 | Elf:3    | Identified the +0 pair of boots of the Lute {*Corrode Will+
                  | Int+4}
 40325 | Lair:1   | Learned a level 7 spell: Haunt
 40412 | Slime:1  | Entered Level 1 of the Pits of Slime
 40511 | Slime:1  | Gained mutation: You are occasionally teleported next to
                  | monsters. [a shining eye]
 40514 | Slime:1  | Lost mutation: You have an uncontrollable temper. [potion
                  | of mutation]
 40514 | Slime:1  | Lost mutation: You are robust. (+10% HP) [potion of
                  | mutation]
 40514 | Slime:1  | Lost mutation: You sometimes lose your temper in combat.
                  | [potion of mutation]
 40514 | Slime:1  | Gained mutation: You have a pair of small horns on your
                  | head. [potion of mutation]
 40514 | Slime:1  | Gained mutation: You possess an exceptional clarity of
                  | mind. [potion of mutation]
 40514 | Slime:1  | Gained mutation: Your flesh is cold resistant. (rC+)
                  | [potion of mutation]
 40515 | Slime:1  | Lost mutation: You are occasionally teleported next to
                  | monsters. [potion of mutation]
 40515 | Slime:1  | Lost mutation: Your flesh is cold resistant. (rC+) [potion
                  | of mutation]
 40515 | Slime:1  | Lost mutation: You possess an exceptional clarity of mind.
                  | [potion of mutation]
 40515 | Slime:1  | Gained mutation: You are covered in fur. (AC +1) [potion of
                  | mutation]
 40515 | Slime:1  | Gained mutation: You are agile. (Dex +4, Str/Int -1)
                  | [potion of mutation]
 40515 | Slime:1  | Gained mutation: You are partially covered in iridescent
                  | scales. (AC +2) [potion of mutation]
 40523 | Slime:1  | Found a viscous altar of Jiyva.
 40608 | Slime:1  | Paralysed by a great orb of eyes for 4 turns
 40907 | Slime:5  | Entered Level 5 of the Pits of Slime
 40936 | Slime:5  | Noticed the Royal Jelly
 40954 | Slime:5  | Killed the Royal Jelly
 40964 | Slime:5  | Found the Hermit's Pendant {Faith Invo=14 Evo=0 MP+5}
 40966 | Slime:5  | Gained mutation: Armour fits poorly on your strangely
                  | shaped body. [a shining eye]
 41042 | Slime:4  | Gained mutation: You occasionally lose the ability to read
                  | scrolls when taking damage. [a shining eye]
 41042 | Slime:4  | Lost mutation: You are agile. (Dex +4, Str/Int -1) [a
                  | shining eye]
 41043 | Slime:4  | Gained mutation: You possess an exceptional clarity of
                  | mind. [a shining eye]
 41043 | Slime:4  | Gained mutation: Your body sometimes deteriorates upon
                  | taking damage. [a shining eye]
 41051 | Slime:4  | Lost mutation: You possess an exceptional clarity of mind.
                  | [potion of mutation]
 41051 | Slime:4  | Lost mutation: Armour fits poorly on your strangely shaped
                  | body. [potion of mutation]
 41051 | Slime:4  | Lost mutation: Your body sometimes deteriorates upon taking
                  | damage. [potion of mutation]
 41051 | Slime:4  | Gained mutation: You are dopey. (Int -2) [potion of
                  | mutation]
 41051 | Slime:4  | Gained mutation: You expend magic power (3 MP) to
                  | strengthen your wands. [potion of mutation]
 41052 | Slime:4  | Lost mutation: You have a pair of small horns on your head.
                  | [potion of mutation]
 41052 | Slime:4  | Lost mutation: You occasionally lose the ability to read
                  | scrolls when taking damage. [potion of mutation]
 41052 | Slime:4  | Gained mutation: You are robust. (+10% HP) [potion of
                  | mutation]
 41052 | Slime:4  | Lost mutation: You are robust. (+10% HP) [potion of
                  | mutation]
 41052 | Slime:4  | Gained mutation: You have sharp toenails. [potion of
                  | mutation]
 41270 | Slime:5  | HP: 11/227 [azure jelly (26)]
 41270 | Slime:5  | HP: 5/227 [azure jelly (6)]
 41270 | Slime:5  | Demolished by an azure jelly

Illustrated notes

Levels and vault maps discovered:
D:1:      denvon_arrival_planthouse, layout_basic
D:2:      layout_basic, basic_altar, uniq_natasha
D:3:      layout_loops_cross, overflow_temple_1_default, uniq_jessica,
          uniq_ijyb, uniq_robin, uniq_sigmund
D:4:      layout_rooms, nzn_wu_jian_contemplation, lemuel_tele_altar,
          nicolae_hepliaklqana_hazy_memory, lemuel_doored_altar,
          corexii_corridor_pit
D:5:      layout_basic, xom_redecorated, vehumet_crystals,
          grunt_temple_overflow_open, nicolae_ossuary_entry_catacombs,
          serial_shops, shop
D:6:      layout_cave_pools, uniq_blork_the_orc
D:7:      layout_loops_ring, elyvilon_altar_1, mainiacjoe_overflow_alcove_4,
          minmay_temple_entry_antechambers
D:8:      layout_rooms, marbit_many_paths, due_lair_maze_entry_diamond,
          chequers_serial_rivers_micro_d, uniq_pikel, uniq_prince_ribbit1
D:9:      layout_gridville, ebering_ghost_funeral_grove, uniq_maurice,
          uniq_psyche
D:10:     layout_roguey, nemelex_altar_shiori, kennysheep_vampire_church,
          yredelemnul_altar_generic, orc_0_dummy, serial_shops, shop_statue
D:11:     layout_long_grid, ashenzari_altar_1, uniq_sonja
D:12:     layout_cave_pools, bh_circular_ruins
D:13:     layout_loops_ring, uniq_rupert
D:14:     layout_irregular_city, david_vaults_3, lightli_elemental_guards,
          uniq_jorgrun, uniq_lodul, uniq_roxanne
D:15:     gammafunk_enter_depths_forms, layout_basic, minmay_misc_feat_iff
Temple:   hellmonk_temple_two_chambers
Lair:1:   gammafunk_cloud_chamber, layout_loops_ring,
          nicolae_quartered_pool_impasse
Lair:2:   layout_cave_pods, guppyfry_snake_entry_garden, nicolae_lair_lil_pond
Lair:3:   layout_cave_pods, elwin_shoals_entry_rocks, beast_lair_carwin_4
Lair:4:   layout_loops_ring, dpeg_slime_entry_enclosed, gauntlet_entry_generic,
          minivault_11, serial_bayou_shore_a
Lair:5:   hellmonk_lair_end_abyssal_woods, layout_cave_pods, lemuel_fruit_tree
Shoals:1: layout_shoals, uniq_kirke
Shoals:2: layout_shoals, nicolae_shoals_kraken_intersection, uniq_polyphemus,
          uniq_ilsuiw
Shoals:3: layout_shoals
Shoals:4: shoals_end_simple, layout_shoals, serial_shops, shop,
          nicolae_shop_pleasant_corner_grove, shop,
          nicolae_shoals_arrival_archipelago
Snake:1:  layout_onion, basic_altar, nicolae_snake_slithery_corners,
          nicolae_snake_gridmaze_swirls, st_stairs_14, minmay_shop_star,
          uniq_agnes
Snake:2:  layout_cave_town, basic_altar, serial_bayou_shore_b,
          serial_bayou_shore_b, serial_bayou_shore_b
Snake:3:  layout_gridlike, serial_shops, nicolae_stop_n_shop_1,
          grunt_ministairs_7, nicolae_snake_lava_pool, uniq_mara, uniq_mlioglotl
Snake:4:  grunt_snake_rune_serpentine_throne, layout_gridlike, serial_shops,
          shop, hangedman_venom_bottle, grunt_megastairs_3
Slime:1:  layout_caves, special_room [special_room_jelly], basic_altar
Slime:2:  layout_caves
Slime:3:  layout_caves
Slime:4:  layout_caves
Slime:5:  slime_pit
Orc:1:    layout_caves, okawaru_metal_pillars_1_2, uniq_josephine
Orc:2:    grunt_orc_community_town_hall, layout_caves,
          grunt_orc_community_big_house_1, grunt_orc_community_big_house_1,
          grunt_orc_community_house_3, grunt_orc_community_house_2,
          grunt_orc_community_house_2, grunt_orc_community_house_3,
          grunt_orc_community_house_2, nicolae_volcano_entry_vermiform
Elf:1:    eino_elf_arrival_sip, layout_geoelf_diagonals, special_room
          [special_room_mythical_zoo], hangedman_elven_crosses_minicolossus,
          minivault_25_ag, minmay_shoptagon, uniq_louise
Elf:2:    elven_hall_of_blades_hangedman_original
          [nicolae_blade_entry_splitting_headache], layout_gridlike,
          serial_shops, nicolae_shop_stone
Elf:3:    grunt_elf_hall_asides, layout_gridlike,
          portal_ice_cave_entry_pillars_four, uniq_asterion
Vaults:1: v_misc_33, v_misc_10, nicolae_vaults_network_s, vaults_dpeg_ring,
          hangedman_vaults_stitches, v_alt_pattern_5, ontoclasm_vaults_spin,
          nicolae_vaults_trapezoid_1, nicolae_vaults_trapezoid_1,
          nicolae_vaults_trapezoid_lopsided_1, layout_vaults_ring
Vaults:2: nicolae_vaults_storage_closets_2, nicolae_vaults_storage_room_statues,
          v_rooms_3, grunt_vaults_twisty, nicolae_vaults_variable_pillar_hall,
          ontoclasm_vaults_twist, nicolae_vaults_offset_grid_hallway_1,
          nicolae_vaults_tetromino_L_2, nicolae_vaults_yaktaur_gun_rack,
          nicolae_vaults_trapezoid_lopsided_1, hangedman_vaults_hat,
          nicolae_vaults_storage_closets_1, vaults_dpeg_encased_lava,
          layout_vaults_maze_snakey, serial_hangedman_research,
          hangedman_research_toxicology, hangedman_research_electronics,
          hangedman_research_thanatology, serial_shops, bzr_in_the_mist
Vaults:3: nicolae_vaults_sightless_eye, minmay_crypt_entry_nasty_monster,
          hangedman_vaults_locks, hangedman_vaults_stretched_pinwheel,
          nicolae_vaults_network_square, v_pattern_4,
          grunt_vaults_hallway_short, vaults_dpeg_diagonal,
          nicolae_vaults_security_offices_4, layout_vaults_omnigrid,
          uniq_bai_suzhen
Vaults:4: vaults_mumra_hex, vaults_dpeg_doors, hangedman_vaults_corner_blocks,
          v_alt_pattern_6, v_misc_28, nicolae_vaults_wrenched,
          vaults_room_stairs_pillars, st_greater_box_5,
          nicolae_vaults_three_branches, nicolae_vaults_asterisk,
          layout_vaults_omnibox, serial_shops, nicolae_shop_tiny_statue_garden
Depths:1: layout_forbidden_donut, hell_entry, nicolae_benzene_ring,
          minmay_guarded_unrand_mage, uniq_enchantress
Depths:2: minmay_octagon_city, layout_gridlike, enter_ziggurat_b, abyss_entry,
          rand_demon_pan_entry_8, ploomutoo_gammafunk_ghost_potion_laboratory,
          hell_entry, serial_shops, nicolae_shop_crystal,
          hangedman_decor_riveting

Skill      XL: |  1  2  3  4  5  6  7  8  9 10 11 12 13 14 15 16 17 18 19 20 21 22 23 24 |
---------------+-------------------------------------------------------------------------+-----
Invocations    | 1 2 3 4 5 6 7 8 9 10 11 12 13 14 15 16 17 18 | 18.3
Short Blades   | 1 2 3 5 6 8 9 10 11 12 13 14 15 16 | 16.9
Long Blades    | 1 2 3 5 6 8 9 10 11 12 13 14 15 16 | 16.9
Axes           | 1 2 3 5 6 8 9 10 11 12 13 14 15 16 17 18 19 | 19.9
Maces & Flails | 1 2 3 5 6 8 9 10 11 12 13 14 15 16 | 16.9
Polearms       | 1 2 3 5 6 8 9 10 11 12 13 14 15 16 | 16.9
Staves         | 1 2 3 5 6 8 9 10 11 12 13 14 15 16 | 16.9
Ranged Weapons | 1 2 3 5 6 8 9 10 11 12 13 14 15 16 | 16.9
Throwing       | 1 2 3 5 6 8 9 10 11 12 13 14 15 16 | 16.9
Armour         | 1 2 3 5 6 8 9 10 11 12 13 14 15 16 | 16.9
Stealth        | 1 2 3 5 6 8 9 10 11 12 13 14 15 16 | 16.9
Shields        | 1 2 3 5 6 8 9 10 11 12 13 14 15 16 | 16.9
Spellcasting   | 1 2 3 5 6 8 9 10 11 12 13 14 15 16 | 16.9
Evocations     | 1 2 3 5 6 8 9 10 11 12 13 14 15 16 | 16.9
Conjurations   | 1 2 3 4 5 6 7 8 9 10 11 12 13 14 | 14.4
Hexes          | 1 2 3 4 5 6 7 8 9 10 11 12 13 14 | 14.4
Summonings     | 1 2 3 4 5 6 7 8 9 10 11 12 13 14 | 14.4
Necromancy     | 1 2 3 4 5 6 7 8 9 10 11 12 13 14 | 14.4
Translocations | 1 2 3 4 5 6 7 8 9 10 11 12 13 14 | 14.4
Transmutations | 1 2 3 4 5 6 7 8 9 10 11 12 13 14 | 14.4
Fire Magic     | 1 2 3 4 5 6 7 8 9 10 11 12 13 14 | 14.4
Ice Magic      | 1 2 3 4 5 6 7 8 9 10 11 12 13 14 | 14.4
Air Magic      | 1 2 3 4 5 6 7 8 9 10 11 12 13 14 | 14.4
Earth Magic    | 1 2 3 4 5 6 7 8 9 10 11 12 13 14 | 14.4
Poison Magic   | 1 2 3 4 5 6 7 8 9 10 11 12 13 14 | 14.4
Fighting       | 3 4 5 6 7 8 9 10 11 12 13 14 15 16 17 | 17.1
Dodging        | 5 6 7 8 9 10 11 12 13 14 15 16 17 | 17.5
Unarmed Combat | 7 8 9 10 11 12 13 14 15 16 17 18 | 18.0
Shapeshifting  | 7 8 9 10 11 12 13 14 15 | 15.7

Action                     |  1- 3 |  4- 6 |  7- 9 | 10-12 | 13-15 | 16-18 | 19-21 | 22-24 || total
---------------------------+-------+-------+-------+-------+-------+-------+-------+-------++-------
  Melee: Unarmed           |    73 |    54 |   297 |   334 |   434 |       |       |    53 ||  1245
         Bite              |     5 |       |       |       |       |     4 |    33 |    82 ||   124
         Punch             |     3 |       |       |       |       |     6 |    19 |    71 ||    99
         Constrict         |       |    15 |    66 |    79 |    90 |       |       |       ||   250
         Demon blade       |       |       |       |       |       |    42 |   193 |   574 ||   809
         Hand crossbow     |       |       |       |       |       |       |     3 |       ||     3
         Tailslap          |       |       |       |       |       |       |       |    13 ||    13
         Arbalest          |       |       |       |       |       |       |       |     6 ||     6
         Headbutt          |       |       |       |       |       |       |       |     4 ||     4
   Fire: Hand crossbow     |       |       |       |       |   424 |  1175 |   906 |   112 ||  2617
         Arbalest          |       |       |       |       |       |       |     7 |   172 ||   179
   Cast: Haunt             |       |       |       |       |       |       |       |     7 ||     7
 Invoke: Recall Ancestor   |       |       |     1 |       |     4 |     1 |     5 |     7 ||    18
         Ancestor Life: He |       |       |     1 |       |       |       |       |       ||     1
         Idealise          |       |       |       |     3 |    10 |     7 |     9 |     9 ||    38
         Transference      |       |       |       |       |     2 |       |     6 |     6 ||    14
Ability: Begin Untransform |       |     1 |       |       |     1 |       |       |     2 ||     4
         Evoke Blink       |       |       |       |       |       |     5 |     6 |       ||    11
         Breathe Fire      |       |       |       |       |       |       |       |     1 ||     1
  Evoke: Wand              |       |       |     4 |     8 |    30 |    14 |    11 |     1 ||    68
         Phial of floods   |       |       |       |       |     2 |     1 |     1 |     1 ||     5
         Phantom mirror    |       |       |       |       |       |     2 |     2 |     1 ||     5
         Condenser vane    |       |       |       |       |       |       |     1 |       ||     1
    Use: Potion            |     2 |       |       |     4 |     3 |     3 |     3 |    18 ||    33
         Scroll            |       |     7 |     5 |    13 |    11 |    19 |     9 |    22 ||    86
   Stab: Sleeping          |     1 |     2 |     6 |     4 |     6 |       |     1 |    10 ||    30
         Distracted        |       |       |     1 |     7 |     5 |       |     2 |    10 ||    25
         Confused          |       |       |     3 |    12 |     7 |     1 |     9 |    27 ||    59
         Paralysed         |       |       |       |       |       |     1 |    34 |    51 ||    86
         Invisible         |       |       |       |       |       |       |       |     1 ||     1
 Armour: Animal skin       |     5 |       |       |       |       |       |       |       ||     5
         Ring mail         |    18 |       |       |       |    69 |       |       |       ||    87
         Skin              |     5 |    19 |   112 |    83 |   136 |   362 |   470 |   580 ||  1767
         Acid dragon scale |       |       |       |       |       |       |       |    32 ||    32
         Robe              |       |       |       |       |       |       |       |     3 ||     3
  Dodge: Dodged            |    50 |    35 |   144 |   209 |   529 |   833 |   949 |  1255 ||  4004
         Repelled          |       |       |       |       |     2 |    50 |    14 |    53 ||   119
   Form: Anaconda          |       |     1 |       |       |       |       |       |       ||     1
         Statue            |       |       |       |       |     1 |       |       |     1 ||     2
         Dragon            |       |       |       |       |       |       |       |     1 ||     1

Table legend: (Time is in decaauts)
 A = Elapsed time spent in this place.
 B = Non-inter-level travel time spent in this place.
 C = Inter-level travel time spent in this place.
 D = Time resting spent in this place.
 E = Time spent auto-exploring this place.
 F = Levels seen in this place.
 G = Mean time per level.
                   A        B        C        D        E       F      G
               +--------+--------+--------+--------+--------+-----+--------+
         Total |  51021 |  45473 |   5548 |   3171 |  26143 |  56 |  911.1 |
       Dungeon |  13476 |  10889 |   2587 |    372 |   7761 |  15 |  898.4 |
        Temple |      1 |      1 |      0 |      0 |      0 |   1 |    1.0 |
          Lair |   5895 |   4961 |    934 |    362 |   3188 |   5 | 1179.0 |
        Shoals |   4788 |   4434 |    354 |    102 |   2911 |   4 | 1197.0 |
     Snake Pit |   6667 |   6065 |    602 |    547 |   3500 |   4 | 1666.8 |
    Slime Pits |   1208 |   1176 |     32 |    163 |    432 |   5 |  241.6 |
  Orcish Mines |   1727 |   1443 |    284 |    141 |    780 |   2 |  863.5 |
   Elven Halls |   4389 |   4072 |    317 |    391 |   2120 |   3 | 1463.0 |
        Vaults |   7643 |   7354 |    289 |    361 |   4382 |   4 | 1910.8 |
        Depths |   1431 |   1285 |    146 |    228 |    551 |   2 |  715.5 |
         Abyss |   1607 |   1607 |      0 |     88 |     25 |   6 |  267.8 |
        Bazaar |    221 |    221 |      0 |      0 |     19 |   1 |  221.0 |
       Ossuary |    159 |    159 |      0 |      0 |     38 |   1 |  159.0 |
      Ice Cave |    886 |    886 |      0 |    288 |    187 |   1 |  886.0 |
       Volcano |    454 |    454 |      0 |     94 |     93 |   1 |  454.0 |
      Gauntlet |    461 |    461 |      0 |     30 |    153 |   1 |  461.0 |
               +--------+--------+--------+--------+--------+-----+--------+

Top non-repeatable levels by time:
 Snake:4: 2160 daAuts
Vaults:3: 2121 daAuts
Vaults:4: 1922 daAuts
 Snake:3: 1914 daAuts
Vaults:2: 1826 daAuts
Vaults:1: 1773 daAuts
   Elf:1: 1610 daAuts
   Elf:3: 1500 daAuts
 Snake:1: 1463 daAuts
Shoals:4: 1428 daAuts
  Lair:5: 1414 daAuts
Depths:1: 1298 daAuts
   Elf:2: 1279 daAuts
     D:2: 1237 daAuts
   Orc:2: 1203 daAuts
